 Dungeon Crawl Stone Soup version 0.20.0-15-g7f486f2 (webtiles) character file.

7361 renl the Infuser (level 10, -3/81 HPs)
             Began as a Green Draconian Skald on June 22, 2017.
             Was a Believer of Ashenzari.
             Splashed by a brown ugly thing's acid (7 damage)
             ... on level 9 of the Dungeon.
             The game lasted 01:10:43 (9039 turns).

renl the Infuser (Green Draconian Skald)            Turns: 9039, Time: 01:10:45

Health: -3/81      AC: 13    Str: 13    XL:     10   Next: 91%
Magic:  4/21       EV: 14    Int: 16    God:    Ashenzari [**....]
Gold:   375        SH:  0    Dex: 12    Spells: 12/23 levels left

rFire    . . .     SeeInvis .   D - +1 whip (flame) (curse)
rCold    . . .     Gourm    .   (no shield)
rNeg     . . .     Faith    .   (armour unavailable)
rPois    +         Spirit   .   (helmet restricted)
rElec    .         Reflect  .   M - +0 cloak (curse)
rCorr    .         Harm     .   (no gloves)
MR       .....                  R - +0 pair of boots (curse)
Stlth    ++........             s - amulet of rage
Regen    0.3/turn               t - +4 ring of protection (curse)
MPRegen  0.2/turn               B - +4 ring of protection (curse)

@: corroded
A: breathe noxious fumes, unfitting armour, poison resistance, cold-blooded, AC
+7
a: Breathe Noxious Fumes, Curse Item, Scrying, Renounce Religion, Evoke Berserk
Rage


You were on level 9 of the Dungeon.
You worshipped Ashenzari.
Ashenzari was pleased with you.
You were hungry.

You visited 2 branches of the dungeon, and saw 10 of its levels.

You collected 375 gold pieces.

Inventory:

Hand Weapons
 z - a +0 battleaxe
 D - a cursed +1 whip of flaming (weapon)
 S - a +0 eveningstar
Missiles
 r - 32 tomahawks (quivered)
 C - 8 javelins
Armour
 M - a cursed +0 cloak (worn)
 R - a cursed +0 pair of boots (worn)
Magical Staves
 I - an uncursed staff of wizardry
 T - an uncursed staff of air
Jewellery
 s - an amulet of rage (around neck)
 t - a cursed +4 ring of protection (left hand)
 B - a cursed +4 ring of protection (right hand)
 Q - an uncursed ring of magical power
Wands
 p - a wand of polymorph (18/24)
 w - a wand of digging (9/24)
 y - a wand of disintegration (16/24)
 H - a wand of polymorph (14/24)
Scrolls
 e - a scroll of blinking {unknown}
 g - 3 scrolls of noise {unknown}
 h - 7 scrolls of teleportation {unknown}
 j - 5 scrolls of remove curse
 l - 7 scrolls of identify {unknown}
 m - 3 scrolls of magic mapping {unknown}
 q - a scroll of fear {unknown}
 u - 2 scrolls of amnesia {unknown}
 A - a scroll of enchant weapon {unknown}
 N - 2 scrolls of fog {unknown}
 O - 2 scrolls of recharging {unknown}
 P - 2 scrolls of enchant armour {unknown}
Potions
 a - a potion of cancellation {unknown}
 f - 2 potions of curing
 i - 3 potions of degeneration {unknown}
 n - a potion of heal wounds {unknown}
 o - 4 potions of lignification {unknown}
 v - 3 potions of brilliance {unknown}
 x - a potion of might {unknown}
 E - 3 potions of flight {unknown}
 G - 2 potions of mutation {unknown}
 K - 2 potions of agility {unknown}
 U - a potion of haste {unknown}
Books
 b - a book of Battle

   Spells                             Type                      Level
   a - Infusion                       Charms                       1
   b - Shroud of Golubria             Charms/Translocation         2
   c - Song of Slaying                Charms                       2
   d - Spectral Weapon                Hexes/Charms                 3
   e - Regeneration                   Charms/Necromancy            3
 F - a book of Necromancy

   Spells                             Type                      Level
   a - Pain                           Necromancy                   1
   b - Animate Skeleton               Necromancy                   1
   c - Vampiric Draining              Necromancy                   3
   d - Regeneration                   Charms/Necromancy            3
   e - Animate Dead                   Necromancy                   4
   f - Control Undead                 Necromancy                   4
 J - a book of Maledictions

   Spells                             Type                      Level
   a - Corona                         Hexes                        1
   b - Ensorcelled Hibernation        Hexes/Ice                    2
   c - Confuse                        Hexes                        3
   d - Tukima's Dance                 Hexes                        3
   e - Dazzling Spray                 Conjuration/Hexes            3
 V - a book of Changes

   Spells                             Type                      Level
   a - Beastly Appendage              Transmutation                1
   b - Sticks to Snakes               Transmutation                2
   c - Spider Form                    Transmutation/Poison         3
   d - Ice Form                       Ice/Transmutation            4
   e - Blade Hands                    Transmutation                5
Comestibles
 c - 8 bread rations
 d - 6 royal jellies
 k - 8 meat rations
 L - 7 fruits


   Skills:
 + Level 5.3 Fighting
 + Level 6.7(9.4) Maces & Flails
 + Level 3.6(5.6) Staves
 + Level 0.3 Throwing
 + Level 5.2 Dodging
 + Level 2.9 Stealth
 + Level 7.3 Spellcasting
 + Level 2.4(3.6) Hexes
 + Level 8.6(10.1) Charms
 + Level 1.3(2.3) Necromancy
 + Level 4.1(5.5) Translocations


You had 12 spell levels left.
You knew the following spells:

 Your Spells              Type           Power        Failure   Level  Hunger
a - Infusion              Chrm           ####         1%          1    None
b - Shroud of Golubria    Chrm/Tloc      ####......   1%          2    None
c - Regeneration          Chrm/Necr      ####......   2%          3    ##.....
d - Spectral Weapon       Hex/Chrm       ####....     1%          3    ##.....
e - Song of Slaying       Chrm           #####...     1%          2    None


Dungeon Overview and Level Annotations

Branches:
Dungeon (9/15)             Temple (1/1) D:4
   Lair: D:8-11         Orc: D:9-12

Altars:
Ashenzari
Cheibriados
Dithmenos
Elyvilon
Fedhas
Gozag
Hepliaklqana
Kikubaaqudgha
Makhleb
Nemelex Xobeh
Okawaru
Qazlal
Ru
Sif Muna
Trog
Uskayaw
Vehumet
Xom
Yredelemnul
Zin
The Shining One

Shops:
D:7 *

Annotations:
D:3 renl's ghost, amateur DrSk
D:8 Gastronok


Innate Abilities, Weirdness & Mutations

You can breathe blasts of noxious fumes.
Your lurid green scales are hard. (AC +7)
You cannot fit into any form of body armour.
Your system is resistant to poisons. (rPois)
You are cold-blooded and may be slowed by cold attacks.


Message History

Unknown command.
Okay, then.
Unknown command.
Your song is almost over.
The brown ugly thing claws your spectral weapon.
Your spectral weapon fades away.
You hear a shout!
Your song has ended.
An ogre comes into view. It is wielding a giant spiked club.
The ogre closely misses you.
Found 15 gold pieces.
The brown ugly thing barely misses you.
Casting: Song of Slaying
Confirm with . or Enter, or press ? or * to list all spells.
You draw out your weapon's spirit!
You are feeling hungry.
The brown ugly thing claws you.
* * * LOW HITPOINT WARNING * * *
The acid corrodes you!
You are splashed with acid!
The acid burns!
You die...

.#
#.######..................
.# #..................
.#####*
#.....########.....
.......
#.....#......'....#
#######
#.....#......#....# *
*#.....#......#....# , *,
, + ,#.....########....# *
* * #.(...............# ,
,, , #.@....>..........# ,
* * #u##########......# *
* ** * *, #.# ,....
,#....... , * ,,, *,#O#
.$... ,#.....## * * * *
#.#,.... ,#.....#. * #####
#.#..., , #.....#.
######...#, ,#.#'#####
#.....#. .........#,
,+........ .......#.
.........######.......#
###....##


You could see a brown ugly thing, an ogre and a friendly spectral whip of
flaming.

Vanquished Creatures
  2 two-headed ogres (D:9)
  Erica (D:9)
  The ghost of jtron the Chopper, a novice DrMo of Okawaru (D:6)
  Pikel (D:5)
  Prince Ribbit (D:5)
  A hippogriff (D:9)
  6 yaks
  A human (D:8)
  4 hogs (D:8)
  4 orc warriors
  A black bear (D:9)
  2 sky beasts
  A phantom (D:8)
  3 ogres
  A big kobold (D:9)
  3 bullfrogs
  2 scorpions
  A howler monkey (D:6)
  5 crimson imps
  2 bullfrog zombies
  2 hounds (D:4)
  2 centaur skeletons (D:5)
  A bullfrog skeleton (D:6)
  4 orc priests
  2 jellies
  Jessica (D:2)
  Terence (D:3)
  An iguana (D:5)
  10 orc wizards
  4 worker ants
  4 hound skeletons
  2 worker ant zombies
  4 adders
  A shadow imp (D:8)
  An ooze (D:3)
  An adder skeleton (D:6)
  4 worms
  9 leopard geckos
  40 orcs
  5 bats
  6 giant cockroaches
  8 goblins
  7 hobgoblins
  14 jackals
  15 kobolds
  2 quokkas
  A ball python (D:1)
  A ball python skeleton (D:5)
  4 frilled lizards
  2 jackal skeletons
  A leopard gecko skeleton (D:4)
  3 rats (D:1)
206 creatures vanquished.

Vanquished Creatures (others)
  A shadow imp (D:5)
  9 spectral weapons
10 creatures vanquished.

Grand Total: 216 creatures vanquished

Notes
Turn   | Place    | Note
-------+----------+-------------------------------------------
     0 | D:1      | renl the Draconian Skald began the quest for the Orb.
     0 | D:1      | Reached XP level 1. HP: 17/17 MP: 3/3
   117 | D:1      | Reached XP level 2. HP: 12/24 MP: 0/5
   121 | D:1      | Learned a level 2 spell: Shroud of Golubria
   174 | D:1      | Reached skill level 3 in Charms
   537 | D:1      | Reached XP level 3. HP: 28/30 MP: 6/6
   686 | D:2      | Noticed Jessica
   694 | D:2      | Killed Jessica
  1091 | D:2      | Found a shadowy altar of Dithmenos.
  1142 | D:2      | Reached XP level 4. HP: 37/37 MP: 7/7
  1676 | D:3      | Found a sparkling altar of Nemelex Xobeh.
  1800 | D:3      | Noticed Terence
  1827 | D:3      | Killed Terence
  1827 | D:3      | Reached XP level 5. HP: 42/42 MP: 1/9
  1877 | D:3      | Reached skill level 1 in Stealth
  2305 | D:3      | Noticed renl's ghost (amateur DrSk)
  2339 | D:5      | Entered Level 5 of the Dungeon
  2561 | D:4      | Reached skill level 1 in Staves
  2637 | D:4      | Reached skill level 4 in Charms
  2637 | D:4      | Reached XP level 6. HP: 36/50 MP: 1/10
  2654 | D:3      | Learned a level 3 spell: Regeneration
  2658 | D:3      | Learned a level 3 spell: Spectral Weapon
  2700 | D:4      | Found a staircase to the Ecumenical Temple.
  2718 | D:4      | Reached skill level 1 in Translocations
  2746 | Temple   | Entered the Ecumenical Temple
  2904 | Temple   | Became a worshipper of Ashenzari the Shackled
  3183 | D:4      | Learned a level 2 spell: Song of Slaying
  3324 | D:4      | Your scales start taking on a lurid green colour.
  3324 | D:4      | Reached XP level 7. HP: 51/57 MP: 5/11
  3324 | D:4      | Gained mutation: Your system is resistant to poisons. (rPois) [Green Draconian growth]
  3706 | D:5      | Noticed Pikel
  3730 | D:5      | Killed Pikel
  3730 | D:5      | Reached skill level 5 in Charms
  3730 | D:5      | Reached XP level 8. HP: 22/63 MP: 3/13
  4012 | D:5      | Noticed Prince Ribbit
  4598 | D:5      | Killed Prince Ribbit
  4598 | D:5      | Reached skill level 6 in Charms
  4721 | D:6      | Reached * piety under Ashenzari
  4936 | D:6      | Noticed jtron's ghost (novice DrMo)
  5206 | D:6      | Reached XP level 9. HP: 68/71 MP: 0/16
  5280 | D:6      | Found an ancient bone altar of Kikubaaqudgha.
  5339 | D:6      | Killed jtron's ghost
  5339 | D:6      | Reached skill level 5 in Spellcasting
  5339 | D:6      | Reached skill level 1 in Hexes
  5339 | D:6      | Reached skill level 7 in Charms
  6493 | D:7      | Found Aplit's General Store.
  6917 | D:8      | Found a shattered altar of Ashenzari.
  6951 | D:8      | Reached ** piety under Ashenzari
  6975 | D:8      | Reached skill level 5 in Maces & Flails
  7043 | D:8      | Noticed Gastronok
  7059 | D:8      | HP: 1/71 [orc wizard/dagger of venom (4)]
  7485 | D:8      | Reached skill level 5 in Dodging
  7500 | D:8      | Reached skill level 1 in Necromancy
  7598 | D:8      | Reached XP level 10. HP: 65/80 MP: 6/19
  7730 | D:8      | Found a shimmering altar of Xom.
  7848 | D:8      | Found a glowing silver altar of Zin.
  7980 | D:9      | Noticed a two-headed ogre
  7997 | D:9      | Noticed a two-headed ogre
  8003 | D:9      | Killed a two-headed ogre
  8153 | D:9      | Killed a two-headed ogre
  8153 | D:9      | Reached skill level 8 in Charms
  8439 | D:9      | HP: 1/80 [yak (4)]
  8600 | D:9      | Reached skill level 5 in Fighting
  8758 | D:9      | Noticed Erica
  8775 | D:9      | Killed Erica
  8991 | D:9      | Noticed a brown ugly thing
  9007 | D:9      | HP: 2/81 [brown ugly thing (7)]
  9039 | D:9      | HP: 4/81 [brown ugly thing (5)]
  9039 | D:9      | Splashed by a brown ugly thing's acid

Skill      XL: |  1  2  3  4  5  6  7  8  9 10 |
---------------+-------------------------------+-----
Charms         | 3 4 5 6 7 8 |  8.6
Maces & Flails | 3 4 5 6 |  6.7
Stealth        | 1 2 |  2.9
Staves         | 1 2 3 |  3.6
Spellcasting   | 3 4 6 7 |  7.3
Dodging        | 3 4 5 |  5.2
Fighting       | 3 4 5 |  5.3
Translocations | 1 2 3 4 |  4.1
Hexes          | 1 2 |  2.4
Necromancy     | 1 |  1.3
Throwing       | |  0.3

Action                   |  1- 3 |  4- 6 |  7- 9 | 10-12 || total
-------------------------+-------+-------+-------+-------++-------
Melee: Mace              |   101 |    70 |       |       ||   171
       Tailslap          |    10 |    21 |    41 |    22 ||    94
       Quarterstaff      |       |   104 |    80 |       ||   184
       Whip              |       |       |   383 |   141 ||   524
Throw: Tomahawk          |       |     4 |     6 |       ||    10
 Cast: Infusion          |     7 |    22 |    28 |    11 ||    68
       Shroud of Golubri |     1 |    18 |    41 |    21 ||    81
       Spectral Weapon   |       |     2 |    16 |    13 ||    31
       Song of Slaying   |       |     1 |     9 |     3 ||    13
       Regeneration      |       |       |     9 |     9 ||    18
Invok: Curse Item        |       |       |     5 |       ||     5
 Abil: Breathe Noxious F |       |       |     1 |       ||     1
  Use: Potion            |       |       |     1 |       ||     1
 Stab: Sleeping          |       |       |     1 |       ||     1
       Distracted        |       |       |     1 |     2 ||     3
  Eat: Chunk             |     1 |     9 |    18 |     6 ||    34
Armor: Skin              |    31 |    90 |   159 |    41 ||   321
Dodge: Dodged            |    63 |   153 |   258 |    90 ||   564
